Map: Abyssal Reef LE

Players

Proxy - Winner!

  • Race: Zerg Zerg
  • League: Master
  • Spawn Location: 11:00

Jacobis

  • Race: Terran Terran
  • League: Master
  • Spawn Location: 5:00

VOD

Have the link to the VOD?

Description

Time

  • Played on: Sept. 19, 2017, 1:07 a.m.
  • Length: 24:37
Show
View Real Time Build Order
Export as new Build Order

Proxy Zerg - Winner!

Build Orders: Hatch First 

Get SALT Encoding   

  12  0:02  Drone  
  13  0:13  Overlord  
  13  0:17  Drone  
  14  0:31  Drone x2  
  14  0:35  Drone  
  17  0:52  Hatchery  
  17  0:55  Drone  
  17  0:58  Drone  
  17  1:01  Extractor  
  17  1:08  Drone  
  18  1:17  Spawning Pool  
  17  1:20  Drone  
  18  1:29  Drone  
  19  1:40  Overlord  
  19  1:51  Drone  
  20  2:04  Queen x2  
  20  2:06  Metabolic Boost  
  20  2:07  Zergling x2  
  20  2:08  Zergling x2  
  26  2:14  Drone  
  27  2:16  Drone  
  28  2:23  Drone  
  29  2:31  Drone  
  30  2:40  Drone x2  
  30  2:43  Hatchery  
  31  2:46  Zergling x2  
  32  2:52  Overlord  
  32  2:55  Zergling x2  
  33  3:00  Zergling x2  
  34  3:06  Zergling x2  
  34  3:11  Zergling x2  
  36  3:14  Zergling x6  
  36  3:15  Zergling x6  
  42  3:20  Overlord  
  42  3:25  Zergling x2  
  43  3:35  Overlord  
  43  3:37  Zergling x2  
  43  3:38  Queen x2  
  48  3:41  Drone  
  48  3:44  Overlord  
  48  3:45  Drone  
  50  3:50  Drone x2  
  52  3:58  Drone x4  
  56  4:06  Drone  
  56  4:07  Drone x2  
  59  4:14  Evolution Chamber  
  59  4:15  Evolution Chamber  
  57  4:19  Queen  
  57  4:21  Drone x2  
  61  4:27  Extractor, Spore Crawler  
  61  4:31  Spore Crawler  
  58  4:36  Drone x3  
  58  4:37  Drone  
  62  4:38  Drone  
  63  4:48  Overlord  
  63  4:49  Zerg Melee Weapons Level 1  
  63  5:00  Overlord  
  63  5:01  Drone  
  63  5:02  Drone  
  63  5:04  Zerg Ground Armor Level 1  
  63  5:05  Drone  
  63  5:06  Drone x3  
  69  5:15  Overlord  
  69  5:16  Drone x2  
  71  5:26  Drone x4  
  71  5:27  Drone x3  
  78  5:28  Extractor  
  78  5:30  Pneumatized Carapace  
  78  5:33  Overlord  
  78  5:35  Drone x3  
  80  5:45  Overlord  
  75  5:53  Zergling x2  
  75  5:54  Zergling x12  
  75  5:56  Queen  
  84  6:03  Lair  
  82  6:13  Overlord  
  82  6:19  Spore Crawler  
  82  6:20  Overlord  
  82  6:22  Drone x2  
  83  6:33  Drone x2  
  83  6:37  Queen  
  83  6:38  Drone, Overlord  
  83  6:39  Hatchery  
  87  6:47  Hatchery  
  84  7:08  Overlord  
  84  7:14  Overlord  
  80  7:18  Overlord  
  74  7:23  Drone x14  
  74  7:28  Extractor  
  85  7:31  Overlord  
  82  7:37  Zergling x6  
  82  7:42  Spire  
  82  7:43  Queen  
  83  7:44  Drone, Extractor  
  83  7:45  Extractor  
  78  7:55  Zergling x6  
  72  8:01  Zergling x12  
  68  8:07  Queen  
  68  8:12  Zergling x6  
  72  8:23  Queen  
  72  8:25  Drone x3  
  72  8:26  Drone x2  
  79  8:28  Drone x5  
  79  8:29  Queen  
  79  8:30  Extractor  
  79  8:31  Zerg Ground Armor Level 2, Zerg Melee Weapons Level 2  
  85  8:38  Baneling Nest  
  85  8:39  Zergling x4  
  85  8:40  Zergling x10  
  91  8:55  Mutalisk x7  
  91  8:58  Zerg Flyer Weapons Level 1  
  91  9:01  Extractor  
  104  9:05  Overlord  
  104  9:07  Mutalisk x3  
  110  9:13  Hydralisk Den  
  109  9:21  Mutalisk x2  
  113  9:24  Drone x5  
  116  9:49  Muscular Augments  
  116  9:50  Mutalisk x3  
  122  9:56  Drone x5  
  122  9:57  Drone  
  122  9:58  Hatchery  
  127  10:00  Drone x2  
  129  10:11  Drone x3  
  129  10:12  Drone  
  133  10:17  Drone x5  
  133  10:18  Mutalisk  
  140  10:23  Overlord x2  
  140  10:34  Overlord  
  140  10:41  Drone  
  141  10:43  Infestation Pit  
  141  10:44  Burrow  
  141  10:48  Drone x5  
  141  10:49  Drone  
  144  10:59  Zerg Missile Weapons Level 1, Mutalisk x4  
  144  11:00  Mutalisk x4  
  160  11:04  Drone  
  160  11:06  Drone x4  
  165  11:12  Overlord  
  165  11:20  Hydralisk x6  
  175  11:29  Hydralisk x5  
  175  11:32  Baneling x5  
  185  11:34  Centrifical Hooks  
  185  11:40  Extractor  
  185  11:41  Extractor  
  185  11:43  Hive, Hydralisk x2  
  187  11:48  Hydralisk x3  
  187  11:51  Overseer  
  183  12:14  Hydralisk x6  
  183  12:15  Hydralisk x2  
  195  12:28  Mutalisk x3  
  195  12:29  Mutalisk  
  183  13:03  Mutalisk x4  
  183  13:04  Mutalisk x5  
  184  13:12  Mutalisk x2  
  158  13:22  Zergling x4, Hydralisk x3  
  158  13:23  Zergling x12, Hydralisk  
  159  13:39  Viper, Hydralisk x3  
  159  13:40  Zergling x10  
  173  13:47  Hydralisk x2  
  173  13:48  Zergling x4, Hydralisk  
  181  13:53  Zergling x6, Extractor, Hydralisk x4  
  181  13:54  Extractor  
  190  13:56  Hatchery  
  189  14:05  Hydralisk x2  
  189  14:06  Zergling x6  
  189  14:07  Adrenal Glands  
  196  14:12  Hatchery  
  195  14:17  Hydralisk  
  195  14:18  Zergling x2  
  195  14:19  Overlord  
  198  14:28  Baneling x7  
  198  14:29  Baneling x6  
  198  14:46  Zerg Ground Armor Level 3  
  196  14:55  Zergling x4, Hydralisk  
  196  14:59  Extractor  
  199  15:02  Greater Spire  
  199  15:03  Extractor  
  126  15:50  Hydralisk x4  
  126  15:54  Hydralisk x5  
  126  15:55  Hydralisk x8  
  152  16:00  Corruptor x7  
  166  16:08  Drone x5  
  171  16:17  Zergling x4, Hydralisk x4  
  171  16:18  Zergling x2  
  182  16:20  Zergling x10  
  182  16:21  Zergling x8  
  185  16:41  Brood Lord x4  
  185  16:42  Brood Lord  
  184  17:05  Brood Lord x2  
  185  17:08  Hydralisk  
  185  17:09  Zergling x4, Hydralisk  
  191  17:15  Hatchery  
  183  17:24  Hydralisk x2  
  183  17:25  Zergling x4  
  181  17:36  Zergling x16  
  189  17:37  Zergling x2  
  188  17:53  Zergling x18  
  197  18:31  Drone x2  
  197  18:33  Extractor  
  197  18:34  Overlord  
  198  18:35  Hatchery  
  198  18:36  Overlord  
  145  19:03  Zergling x8, Hydralisk x7  
  145  19:04  Zergling x6  
  142  19:10  Hydralisk x2  
  142  19:11  Zergling x6  
  142  19:15  Corruptor x2  
  137  19:27  Extractor x2  
  126  19:32  Zergling x10  
  126  19:33  Zergling x4  
  133  19:44  Drone x3  
  136  19:53  Drone x4  
  136  19:54  Drone x2  
  122  20:07  Zergling x8, Hydralisk x4  
  122  20:08  Zergling x2  
  135  20:19  Brood Lord  
  137  20:26  Corruptor x3  
  132  20:35  Corruptor  
  132  20:36  Corruptor x2  
  138  20:49  Corruptor x3  
  138  20:56  Hydralisk x2  
  138  20:57  Zergling x8  
  148  21:12  Hydralisk  
  148  21:13  Zergling x6, Brood Lord x2, Hydralisk  
  148  21:17  Brood Lord  
  159  21:21  Brood Lord  
  159  21:42  Hydralisk  
  159  21:43  Zergling x2  
  140  21:52  Zergling x14, Hydralisk x5  
  140  21:53  Zergling x4  
  135  22:04  Zergling x10  
  135  22:05  Zergling x4  
  142  22:13  Hydralisk x5  
  142  22:14  Zergling x10  
  157  22:23  Zergling x14  
  152  22:42  Hatchery  
  143  22:45  Hydralisk  
  143  22:46  Zergling x10, Hydralisk x2  
  129  23:13  Zergling x4, Hydralisk  
  129  23:17  Zergling x2  
  124  23:24  Hydralisk  
  124  23:25  Zergling x2  
  123  23:27  Zergling x4, Hydralisk x6  
  123  23:28  Zergling x4  
  132  23:38  Zergling x8, Hydralisk  
  138  23:45  Zergling x8  
  130  23:50  Zergling x4  
  132  24:05  Zergling x4, Hydralisk x3  
  132  24:06  Zergling x2  
  141  24:15  Zergling x12  
Show
View Real Time Build Order
Export as new Build Order

Jacobis Terran 

Build Orders: Command Center First (CC), Mech 

Get SALT Encoding   

  12  0:01  SCV  
  13  0:13  SCV  
  14  0:17  Supply Depot  
  14  0:25  SCV  
  15  0:38  SCV  
  16  0:51  SCV  
  17  1:01  Command Center  
  17  1:03  SCV  
  18  1:09  Refinery  
  18  1:15  SCV  
  19  1:22  Barracks  
  19  1:28  SCV  
  20  1:40  SCV  
  21  1:52  SCV  
  22  2:04  Refinery  
  22  2:05  SCV  
  23  2:12  Factory  
  23  2:13  Marine  
  23  2:14  Orbital Command  
  24  2:19  Bunker  
  24  2:22  Orbital Command  
  24  2:31  Barracks Reactor  
  24  2:33  Supply Depot  
  24  2:39  SCV  
  25  2:51  SCV  
  25  2:52  Supply Depot  
  25  2:53  SCV  
  27  3:02  Starport  
  28  3:05  SCV  
  28  3:10  Supply Depot  
  28  3:13  SCV  
  28  3:14  Hellion  
  28  3:18  Hellion  
  28  3:19  SCV  
  34  3:23  Barracks Tech Lab  
  34  3:25  SCV  
  35  3:31  SCV  
  35  3:32  Supply Depot  
  36  3:37  Hellion, SCV  
  36  3:40  Hellion  
  41  3:45  SCV  
  42  3:49  Viking  
  42  3:51  SCV  
  42  3:55  Fusion Core  
  45  3:57  SCV  
  45  3:59  Widow Mine  
  45  4:01  Liberator, Widow Mine  
  50  4:05  SCV  
  50  4:09  SCV  
  52  4:17  SCV  
  52  4:21  SCV  
  57  4:29  SCV  
  58  4:33  SCV  
  63  4:41  SCV  
  63  4:43  Hellion  
  63  4:44  Hellion, Advanced Ballistics  
  65  4:45  SCV  
  65  4:49  Liberator, Refinery  
  65  4:50  Refinery  
  65  4:51  Supply Depot  
  65  4:53  Supply Depot, Command Center  
  65  4:57  SCV  
  66  5:00  Engineering Bay  
  66  5:02  SCV  
  70  5:13  SCV  
  72  5:14  SCV  
  72  5:15  Hellion x2  
  72  5:17  Supply Depot  
  76  5:25  SCV  
  77  5:35  SCV  
  78  5:37  Hellion x2  
  78  5:42  SCV  
  83  5:47  SCV  
  83  5:49  Supply Depot  
  84  5:51  Supply Depot  
  84  5:57  SCV  
  84  6:00  Hellion x2, SCV  
  90  6:05  Factory  
  90  6:06  Factory x2  
  90  6:07  Factory  
  90  6:14  Liberator  
  90  6:27  SCV  
  90  6:30  SCV  
  95  6:39  SCV  
  96  6:40  Hellion x2, Barracks Tech Lab  
  96  6:42  SCV  
  101  7:00  Factory Tech Lab  
  101  7:01  Factory Tech Lab, Factory Reactor  
  101  7:04  SCV, Armory  
  101  7:05  Orbital Command, Supply Depot  
  101  7:06  Supply Depot, SCV, Armory  
  103  7:13  Hellion x2  
  103  7:14  Siege Tank  
  111  7:22  SCV  
  111  7:24  Hellion  
  111  7:29  SCV  
  111  7:35  SCV  
  111  7:36  Orbital Command  
  112  7:41  Supply Depot x2  
  112  7:45  Command Center  
  112  7:48  Refinery  
  112  7:49  Refinery  
  112  7:50  SCV  
  113  7:54  SCV  
  104  8:02  Siege Tank  
  104  8:03  Siege Tank  
  104  8:04  Hellion  
  104  8:05  Hellion  
  102  8:06  Hellion  
  102  8:10  Raven  
  100  8:22  Siege Tank, Hellion  
  109  8:41  Hellion x2, Thor x2  
  109  8:45  Hellion  
  109  8:46  Hellion  
  109  8:47  Terran Vehicle And Ship Armor Level 1, Terran Vehicle Weapons Level 1  
  125  8:48  Infernal Pre-Igniter  
  125  8:53  Raven  
  127  8:58  Siege Tank, Orbital Command  
  130  9:06  Command Center  
  130  9:12  Missile Turret x2  
  130  9:13  Missile Turret  
  130  9:14  Hellion x2  
  130  9:15  Sensor Tower  
  134  9:22  Hellbat x2  
  138  9:24  Siege Tank  
  138  9:32  Siege Tank  
  138  9:33  Siege Tank  
  139  9:42  Missile Turret  
  139  9:45  Missile Turret  
  139  9:46  Missile Turret  
  139  9:47  Missile Turret  
  139  9:48  Missile Turret  
  139  9:54  Missile Turret x2  
  139  9:55  Liberator  
  139  9:56  Hellbat x3  
  139  9:57  Thor, Hellbat, Missile Turret  
  154  10:18  Missile Turret  
  154  10:20  Orbital Command, Missile Turret  
  154  10:22  Siege Tank, Hellbat x3, Missile Turret  
  154  10:23  Hellion, Siege Tank  
  168  10:37  Missile Turret  
  168  10:39  Missile Turret  
  168  10:40  Missile Turret  
  168  10:41  Orbital Command  
  168  10:49  Starport  
  166  10:58  Thor x2  
  166  10:59  Thor  
  166  11:00  Hellbat  
  186  11:07  Refinery  
  186  11:08  Refinery  
  186  11:11  Orbital Command  
  187  11:18  Hellbat  
  187  11:19  Missile Turret  
  186  11:27  Missile Turret  
  186  11:28  Missile Turret x2  
  186  11:29  Missile Turret  
  186  11:35  Supply Depot  
  186  11:38  Starport Reactor, Sensor Tower  
  186  11:40  Supply Depot  
  186  11:47  Terran Vehicle Weapons Level 2  
  186  11:49  Terran Vehicle And Ship Armor Level 2  
  186  11:56  Raven  
  186  11:57  Hellbat x2  
  186  12:00  Missile Turret  
  192  12:01  Thor  
  192  12:08  Missile Turret  
  198  12:12  Missile Turret  
  198  12:13  Hi-Sec Auto Tracking, Missile Turret  
  198  12:31  Hellbat  
  200  12:49  Thor  
  200  12:51  Liberator x3  
  197  13:04  Thor  
  148  13:33  Thor x2  
  147  13:34  Hellbat  
  147  13:35  Hellbat  
  147  13:39  Liberator x2  
  133  13:44  Refinery  
  133  13:45  Refinery  
  131  13:49  Missile Turret  
  131  13:50  SCV, Missile Turret  
  131  13:53  Thor  
  131  13:54  Hellion, Hellbat  
  136  13:55  Viking  
  136  13:59  SCV x2  
  146  14:07  Missile Turret  
  146  14:08  Liberator  
  146  14:22  Liberator x2  
  146  14:25  Siege Tank  
  146  14:26  Siege Tank, Hellbat x2  
  146  14:27  Hellbat x2  
  163  14:36  Hellbat  
  171  14:51  Liberator  
  171  14:57  Siege Tank, Hellbat  
  176  15:00  Siege Tank, Hellbat  
  176  15:01  Siege Tank, Hellbat  
  176  15:03  Command Center  
  189  15:35  Siege Tank x2, Hellbat x2  
  172  15:44  SCV x3  
  172  15:47  Orbital Command  
  162  15:51  Terran Vehicle And Ship Armor Level 3, Terran Vehicle Weapons Level 3  
  160  16:04  SCV  
  161  16:13  Command Center  
  159  16:33  Siege Tank x3, Hellion  
  159  16:39  Hellbat  
  172  16:58  Hellion, Hellbat  
  173  17:02  Hellion  
  173  17:05  Siege Tank x2  
  179  17:08  Viking  
  156  17:29  Viking x2  
  142  17:33  SCV  
  141  17:52  Viking  
  143  17:59  Viking  
  145  18:11  SCV x2  
  148  18:12  SCV  
  148  18:16  Viking  
  150  18:33  Thor  
  150  18:34  Thor x2  
  160  18:35  Hellbat  
  160  18:41  Hellion x6  
  167  18:42  Hellbat x2  
  167  18:45  Hellbat  
  161  18:56  Hellbat  
  145  19:03  Hellbat  
  145  19:06  Hellbat  
  126  19:13  Orbital Command  
  126  19:16  Siege Tank, Orbital Command  
  113  19:50  SCV  
  114  19:57  SCV  
  98  20:09  Siege Tank, Hellbat  
  103  20:21  SCV  
  104  20:27  Orbital Command  
  103  20:33  SCV  
  104  20:40  Hellbat x2  
  104  20:41  Hellbat x2  
  112  20:44  SCV  
  112  20:48  SCV  
  112  20:49  SCV  
  109  20:59  SCV  
  110  21:06  SCV  
  110  21:18  SCV  
  110  21:22  SCV  
  111  21:28  SCV  
  89  22:01  Viking  
  89  22:02  Viking x2  
  89  22:05  Hellbat  
  95  22:29  Hellbat x3  
  101  22:31  Viking  
  101  22:32  Viking x2  
  101  22:33  SCV  
  101  22:35  Hellbat x3  
  101  22:36  Hellbat  
  101  22:37  SCV  
  117  22:39  SCV  
  117  22:42  SCV  
  117  22:43  SCV  
  120  22:50  Hellbat x2  
  124  22:56  SCV  
  105  23:01  Siege Tank, Viking  
  84  23:46  Orbital Command  
Tags
 
Add a new tag
Caveats
  • Supply blocks, unpowered buildings, or Contaminate may cause inaccurate times.
  • Supply counts are checked every 10 seconds.